 Dungeon Crawl Stone Soup version 0.16.2-3-ga078185 (webtiles) character file.

50 gorblad the Gusty (level 3, 0/15 HPs)
             Began as a Felid Air Elementalist on Sept 7, 2015.
             Slain by gorblad's ghost (5 damage)
             ... on level 3 of the Dungeon.
             The game lasted 00:16:58 (3088 turns).

gorblad the Gusty (Felid Air Elementalist)          Turns: 3088, Time: 00:16:58

Health: 0/15       AC:  1    Str:  4    XL:     3   Next: 55%
Magic:  1/8        EV: 18    Int: 17    God:
Gold:   121        SH:  0    Dex: 16    Spells: 1 memorised, 6 levels left
                                        Lives:  0   Deaths: 1

rFire  . . .     SeeInvis +     (weapon unavailable)
rCold  . . .     Clarity  .     (armour unavailable)
rNeg   . . .     SustAb   .     (shield unavailable)
rPois  .         Gourm    .     (helmet unavailable)
rElec  .         Spirit   .     (cloak unavailable)
rCorr  .         Warding  .     (gloves unavailable)
rMut   .         Stasis   .     (boots unavailable)
MR     .....                    (no amulet)
Stlth  +++.......               (no ring)
                                (no ring)

@: quick, not resistant to hostile enchantments, fairly stealthy
A: paw claws, no armour, no weapons or thrown items, fangs 3, see invisible,
carnivore 3, speed 1, shaggy fur 1, slow metabolism 1, sharp paws
a: no special abilities


You were on level 3 of the Dungeon.
You were not hungry.

You visited 1 branch of the dungeon, and saw 3 of its levels.

You collected 121 gold pieces.

Inventory:

Jewellery
 j - a +2 ring of protection {unknown}
Scrolls
 d - a scroll of teleportation {unknown}
 e - 2 scrolls of noise {unknown}
 f - 2 scrolls of amnesia {unknown}
 g - 6 scrolls of identify {unknown}
 h - 2 scrolls of magic mapping {unknown}
 i - 2 scrolls of remove curse {unknown}
 l - a scroll of random uselessness {unknown}
 m - a scroll of fear {unknown}
Potions
 k - 2 potions of curing {unknown}
 n - a potion of berserk rage {unknown}
 o - a potion of mutation {unknown}
Books
 b - a book of Air

   Spells                             Type                      Level
   a - Shock                          Conjuration/Air              1
   b - Swiftness                      Charms/Air                   2
   c - Repel Missiles                 Charms/Air                   2
   d - Flight                         Charms/Air                   3
   e - Static Discharge               Conjuration/Air              3
   f - Lightning Bolt                 Conjuration/Air              5
Comestibles
 a - 2 beef jerkies
 c - 2 meat rations


   Skills:
 + Level 0.8 Fighting
 + Level 3.4 Dodging
 + Level 3.0 Stealth
 + Level 0.4 Unarmed Combat
 + Level 2.9 Spellcasting
 + Level 1.2 Conjurations
 + Level 3.5 Air Magic


You had 6 spell levels left.
You knew the following spells:

 Your Spells              Type           Power        Failure   Level  Hunger
a - Shock                 Conj/Air       ##..         10%         1    #......


Dungeon Overview and Level Annotations

Branches:
Dungeon (3/15)

Altars:

Annotations:
D:3 gorblad's ghost, average HuFi


Innate Abilities, Weirdness & Mutations

You cannot wear armour.
You are incapable of wielding weapons or throwing items.
You have razor-sharp teeth.
You have supernaturally acute eyesight.
You are carnivorous and can eat meat at any time.
You cover ground quickly.
You are covered in fur (AC +1).
You have a slow metabolism.
Your paws have sharp claws that are effective at stabbing.


Message History

The giant gecko bites you.
An orc comes into view. It is wielding a mace.
You barely miss the orc.
The orc shouts!
The orc misses you. The giant gecko closely misses you.
You scratch the orc.
The orc begins to bleed from its wounds!
The orc is moderately wounded.
The giant gecko misses you. The orc misses you.
You closely miss the giant gecko.
The giant gecko hisses menacingly.
The giant gecko barely misses you. The orc closely misses you.
You scratch the giant gecko but do no damage.
The giant gecko bites you. The orc barely misses you.
You miss the giant gecko. The giant gecko barely misses you.
The giant gecko bites you.
You barely miss the orc.
The orc is moderately wounded.
The orc is no longer bleeding.
The orc misses you. Gorblad's ghost hits you.
You die...

#. #....†................. .
#.###..W...............
#####.##########...........
#...[...# #...##......
#.##.##.# #...# ##### #.##.##.#
#...### ###.##..#.# #...#.##
..#.###.#.# ###W.....##
#.#.###.#.#####l@.......#
#.#............o###....#####
.........#####...>.##.[....####
#.######.##.......#.#.#......<#
#.# #.##.##........#.##.##.#
..# #.##.##...#....#.##.##.#
### #...........(..#o##.##)#
#.......#.#.##.#.##.##.#
#.##.##.#......#.##.##.###


You could see gorblad's ghost, an orc and a giant gecko.

Vanquished Creatures
  An orc priest (D:3)
  Terence (D:2)
  A giant gecko (D:1)
  2 oozes
  5 orcs (D:3)
  3 hobgoblins
  7 jackals
  5 kobolds
  12 bats
  4 giant newts
  4 goblins
  8 rats
53 creatures vanquished.

Notes
Turn   | Place    | Note
--------------------------------------------------------------
     0 | D:1      | gorblad, the Felid Air Elementalist, began the quest for the Orb.
     0 | D:1      | Reached XP level 1. HP: 7/7 MP: 4/4
   162 | D:1      | Reached skill level 3 in Dodging
   190 | D:1      | Reached XP level 2. HP: 11/11 MP: 3/5
  1178 | D:2      | Noticed Terence
  1297 | D:2      | Killed Terence
  1297 | D:2      | Reached skill level 1 in Conjurations
  1297 | D:2      | Reached XP level 3. HP: 5/15 MP: 0/8
  2110 | D:3      | Reached XP level 4. HP: 12/18 MP: 0/11
  2455 | D:3      | Noticed gorblad's ghost (average HuFi)
  2459 | D:3      | Slain by gorblad's ghost
  2460 | D:3      | Reached XP level 3. HP: 0/15 MP: 8/8
  3088 | D:3      | Slain by gorblad's ghost

Action                   |  1- 3 |  4- 6 || total
-------------------------+-------+-------++-------
Melee: Unarmed           |    66 |       ||    66
 Cast: Shock             |   125 |    10 ||   135
 Stab: Sleeping          |     2 |       ||     2
  Eat: Chunk             |    10 |       ||    10
